 Dungeon Crawl Stone Soup version 0.31-a0-765-g67fe2935dc (webtiles) character file.

Game seed: 13597519107090134086

34101 Conn the Destroyer (level 13, -7/88 HPs)
             Began as an Octopode Fire Elementalist on Sept 16, 2023.
             Was an Elder of Sif Muna.
             Mangled by a cane toad (14 damage)
             ... on level 4 of the Lair of Beasts.
             The game lasted 00:53:22 (19042 turns).

Conn the Destroyer (Octopode Fire Elementalist)    Turns: 19042, Time: 00:53:23

Health: -7/88      AC:  3    Str:  8    XL:     13   Next: 75%
Magic:  17/25      EV: 16    Int: 22    God:    Sif Muna [****..]
Gold:   822        SH:  0    Dex: 12    Spells: 2/28 levels left

rFire   + . .        a - staff of conjuration
rCold   . . .        (no shield)
rNeg    + . .        v - +2 hat
rPois   +            m - amulet of faith
rElec   .            s - ring of poison resistance
rCorr   .            h - ring of flight
SInv    .            F - ring of positive energy
Will    .....        (no ring)
Stlth   ++++         (no ring)
HPRegen 0.34/turn    (no ring)
MPRegen 0.19/turn    (no ring)
                     (no ring)

%: faith
@: flying
A: almost no armour, amphibious, 8 rings, camouflage 1, gelatinous body 1,
(nimble swimmer 1), tentacles, fire resistance 1, wild magic 1
a: Renounce Religion, Channel Magic, Forget Spell, Divine Exegesis


You were on level 4 of the Lair of Beasts.
You worshipped Sif Muna.
Sif Muna was greatly pleased with you.
You visited 3 branches of the dungeon, and saw 15 of its levels.

You collected 822 gold pieces.

Inventory:

Hand Weapons
 b - a +4 sling of freezing
 l - a +0 dagger
Missiles
 z - 3 throwing nets
Armour
 n - a +4 kite shield
 v - a +2 hat (worn)
Magical Staves
 a - a staff of conjuration (weapon)
 i - a staff of death
Jewellery
 h - a ring of flight (right tentacle)
 m - an amulet of faith (around mantle)
 s - a ring of poison resistance (left tentacle)
 F - a ring of positive energy (on tentacle)
Wands
 o - a wand of paralysis (10)
 t - a wand of roots (5)
 x - a wand of flame (26)
 B - a wand of polymorph (5)
 C - a wand of light (12)
 E - a wand of digging (3)
 H - a wand of mindburst (19)
Scrolls
 d - 4 scrolls of fog
 g - a scroll of summoning
 k - 2 scrolls of teleportation
 p - a scroll of vulnerability
 y - 7 scrolls of identify
 A - 3 scrolls of noise
 G - 2 scrolls of immolation
Potions
 c - 4 potions of brilliance
 e - 3 potions of curing
 f - 3 potions of magic
 j - 5 potions of mutation
 q - 6 potions of might
 r - a potion of attraction {unknown}
 u - 4 potions of enlightenment
 w - 6 potions of haste
 I - 2 potions of ambrosia
 J - a potion of berserk rage
Miscellaneous
 D - a phantom mirror


   Skills:
 + Level 7.7 Fighting
 - Level 3.0 Ranged Weapons
 + Level 8.2 Dodging
 - Level 7.0 Stealth
 + Level 5.6 Shields
 + Level 8.4 Spellcasting
 * Level 10.0 Conjurations
 + Level 2.0 Hexes
 + Level 4.7 Summonings
 * Level 8.5 Fire Magic
 + Level 4.4 Ice Magic
 + Level 4.5 Air Magic
 - Level 3.0 Poison Magic
 * Level 7.3 Invocations


You had 2 spell levels left.
You knew the following spells:

 Your Spells              Type           Power      Damage    Failure   Level
a - Foxfire               Conj/Fire      100%       2x1d9     1%          1
b - Scorch                Fire           100%       2d9       1%          2
c - Inner Flame           Hex/Fire       42%        N/A       4%          3
d - Flame Wave            Conj/Fire      78%        2d17      3%          4
e - Searing Ray           Conj           100%       2d8       1%          2
f - Fulminant Prism       Conj/Hex       31%        3d15      10%         4
g - Mephitic Cloud        Conj/Pois/Air  62%        N/A       3%          3
h - Call Imp              Summ           76%        N/A       3%          2
i - Fireball              Conj/Fire      39%        3d16      7%          5

Your spell library contained the following spells:

 Spells                   Type           Power      Damage    Failure   Level
 Magic Dart               Conj           100%       1d8       1%          1
 Poisonous Vapours        Pois/Air       66%        N/A       4%          2
 Sting                    Tmut/Pois      80%        1d7       6%          1
 Cigotuvi's Dreadful Rot  Necr/Pois/Air  52%        N/A       6%          2
 Jinxbite                 Hex            46%        N/A       8%          2
 Apportation              Tloc           24%        N/A       11%         1
 Call Canine Familiar     Summ           38%        N/A       5%          3
 Iskenderun's Battlesphe  Conj           81%        2d13      5%          5
 Volatile Blastmotes      Fire/Tloc      72%        2d16      6%          3
 Ignite Poison            Fire/Tmut/Pois 34%        N/A       7%          3
 Freezing Cloud           Conj/Ice/Air   32%        6-21      21%         5
 Olgreb's Toxic Radiance  Pois           29%        N/A       28%         4
 Starburst                Conj/Fire      39%        6d11      32%         6
 Leda's Liquefaction      Hex/Erth       8%         N/A       52%         4
 Summon Mana Viper        Hex/Summ       31%        N/A       54%         5
 Conjure Ball Lightning   Conj/Air       34%        3x3d11    58%         6
 Orb of Destruction       Conj           40%        9d11      77%         7
 Alistair's Intoxication  Tmut/Pois      13%        N/A       78%         5
 Yara's Violent Unravell  Hex/Tmut       8%         3d5       85%         5
 Leda's Unmaking          Conj/Erth      28%        9d5       86%         6
 Lee's Rapid Deconstruct  Erth           6%         3d6*      93%         5
 Spellforged Servitor     Conj/Summ      34%        N/A       98%         7
 Enfeeble                 Hex            11%        N/A       100%        7
 Malign Gateway           Summ/Tloc      12%        N/A       100%        7
 Fire Storm               Conj/Fire      39%        8d10      100%        9


Dungeon Overview and Level Annotations

Branches:
Dungeon (10/15)            Temple (1/1) D:7            Lair (4/5) D:10
  Swamp (0/4) Lair:3        Snake (0/4) Lair:2          Orc (0/2) D:9
  Slime: Lair:4-5

Altars:
Ashenzari
Cheibriados
Dithmenos
Elyvilon
Fedhas
Gozag
Hepliaklqana
Kikubaaqudgha
Makhleb
Nemelex Xobeh
Okawaru
Qazlal
Ru
Sif Muna
Trog
Uskayaw
Vehumet
Wu Jian
Xom
Yredelemnul
Zin
The Shining One


Innate Abilities, Weirdness & Mutations

You cannot wear most types of armour.
You are amphibious.
You can wear up to eight rings at the same time.
Your skin changes colour to match your surroundings (Stealth+).
Your rubbery body absorbs attacks. (AC +1, EV +1)
((You are camouflaged when in or above water. (Stealth+)))
You have tentacles for arms and can constrict up to eight enemies at once.
Your flesh is heat resistant. (rF+)
Your spells are a little harder to cast, but a little more powerful.


Message History

The death yak gores you.
The death yak is engulfed in noxious fumes.
The death yak appears confused.
The death yak misses you.
The death yak is engulfed in noxious fumes.
The death yak appears confused.
The death yak barely misses the death yak.
Unknown command.
Unknown command.
Casting: Flame Wave (dangerous; 3% risk of failure)
Confirm with . or Enter, or press ? or * to list all spells.
Casting: Flame Wave (dangerous; 3% risk of failure)
Press: ? - help, Dir - look around, f - activate You feel a surge of power!
A wave of flame ripples out!
The flame wave engulfs the death yak!
The death yak is severely wounded.
The flame wave engulfs the death yak!!
You kill the death yak!
Sif Muna accepts your kill.
The flame wave engulfs the death yak!
The death yak is almost dead. (Press . to intensify the flame waves.)
You hear an angry hiss.
The death yak is engulfed in noxious fumes.
The death yak gores you!!
The death yak is engulfed in noxious fumes.
The death yak appears confused.
The death yak barely misses you.
Your Hexes skill increases to level 2!
Unknown command.
A wave of flame ripples out!
The flame wave engulfs the death yak!
The death yak is severely wounded.
The flame wave engulfs the cane toad!!
The cane toad is severely wounded.
The flame wave engulfs the death yak!
The death yak is almost dead.
The death yak is engulfed in noxious fumes.
The death yak gores you!!
* * * LOW HITPOINT WARNING * * *
A komodo dragon comes into view.
The cane toad stings you!
You die...

#######..# ##### .#......###
##P..## .........P# ###.....#
..........# #####...#..##
..........# ##...PP.....#
..........# #.......#.#####
..........####.....####.#.##
.........l##P#.......##....#
...............F@..........#
.............°.YY.#........#
..............○○###........##
.P............###
##..##....## ######.........#
#.######...## #.......P## ###
####.# #......### ###
###.....### ##......#..#


You could see 2 death yaks, a komodo dragon and a cane toad.

Vanquished Creatures
  4 two-headed ogres
  A hydra (Lair:3)
  10 death yaks
  A skyshark (Lair:4)
  A necromancer (D:10)
  Pikel (D:7)
  An oklob plant (D:10)
  5 elephants (Lair:4)
  2 black mambas (Lair:2)
  11 cane toads
  A rime drake (Lair:3)
  An unseen horror (D:10)
  6 komodo dragons
  A troll (D:10)
  3 polar bears
  12 blink frogs
  A hornet (D:9)
  Prince Ribbit (D:7)
  Grinder (D:6)
  2 wyverns
  A shadow (D:7)
  32 yaks
  2 basilisks
  Menkaure (D:7)
  An acid dragon (D:10)
  12 water moccasins
  3 sky beasts
  4 black bears
  4 orc warriors
  An ogre (D:5)
  12 wolves
  3 centaurs
  2 kobold brigands (D:9)
  8 bullfrogs
  3 scorpions
  8 wights
  5 killer bees (D:8)
  3 howler monkeys
  2 jellies
  2 hounds
  7 orc priests
  An iguana (D:5)
  A gnoll bouda (D:8)
  2 sleepcaps (D:6)
  3 yak simulacra (D:10)
  15 orc wizards
  5 hell rats (Lair:3)
  A polar bear simulacrum (D:10)
  7 wolf simulacra (D:10)
  13 gnolls
  8 adders
  A shadow imp (D:6)
  2 ufetubi
  2 worms
  A dart slug (D:2)
  77 orcs
  8 ball pythons
  2 bats (D:2)
  4 endoplasms
  3 goblins
  6 hobgoblins
  2 jackals (D:3)
  2 quokkas
  5 frilled lizards
  13 kobolds
  7 rats
373 creatures vanquished.

Vanquished Creatures (collateral kills)
  A kobold demonologist (D:9)
  2 kobold brigands (D:9)
  3 kobolds (D:9)
  4 foxfires
10 creatures vanquished.

Vanquished Creatures (others)
  938 foxfires
  12 fulminant prisms
950 creatures vanquished.

Grand Total: 1333 creatures vanquished

Notes
Turn   | Place    | Note
-------+----------+-------------------------------------------
     0 | D:1      | Conn the Octopode Fire Elementalist began the quest for the
                  | Orb.
     0 | D:1      | Reached XP level 1. HP: 11/11 MP: 3/3
   424 | D:1      | Reached XP level 2. HP: 17/17 MP: 1/5
  1178 | D:2      | Reached XP level 3. HP: 22/22 MP: 0/6
  1186 | D:1      | Learned a level 2 spell: Scorch
  1190 | D:1      | Learned a level 3 spell: Inner Flame
  1606 | D:2      | Reached skill level 1 in Ranged Weapons
  2001 | D:2      | Reached XP level 4. HP: 22/27 MP: 2/7
  2411 | D:3      | Reached skill level 1 in Fighting
  3226 | D:3      | Found a stormy altar of Qazlal.
  3449 | D:4      | Gained mutation: Your flesh is heat resistant. (rF+)
                  | [potion of mutation]
  3449 | D:4      | Gained mutation: Your spells are a little harder to cast,
                  | but a little more powerful. [potion of mutation]
  3500 | D:4      | Reached skill level 2 in Conjurations
  3500 | D:4      | Reached XP level 5. HP: 33/33 MP: 0/9
  4285 | D:4      | Reached XP level 6. HP: 38/38 MP: 6/10
  4646 | D:4      | Noticed a black bear
  4652 | D:4      | Killed a black bear
  4782 | D:4      | Found a burning altar of Makhleb.
  4782 | D:4      | Noticed a green death
  4908 | D:5      | Entered Level 5 of the Dungeon
  4948 | D:5      | Noticed a water moccasin
  4952 | D:5      | Killed a water moccasin
  4953 | D:5      | Reached XP level 7. HP: 40/45 MP: 5/12
  5464 | D:5      | Reached skill level 3 in Conjurations
  5472 | D:5      | Reached skill level 5 in Stealth
  5479 | D:5      | Reached XP level 8. HP: 21/51 MP: 0/14
  5896 | D:6      | Noticed Grinder
  5943 | D:6      | Paralysed by Grinder for 5 turns
  5955 | D:6      | Killed Grinder
  6294 | D:6      | Reached skill level 5 in Spellcasting
  6491 | D:6      | Noticed a two-headed ogre
  6504 | D:6      | Killed a two-headed ogre
  6505 | D:6      | Reached skill level 4 in Conjurations
  6505 | D:6      | Reached skill level 5 in Fire Magic
  6505 | D:6      | Reached XP level 9. HP: 58/58 MP: 0/17
  6826 | D:6      | Learned a level 4 spell: Flame Wave
  6853 | D:6      | Reached skill level 5 in Dodging
  6999 | D:6      | Identified the +3 robe of the Yeti {-Cast rC+ Will+}
  7295 | D:7      | Noticed Menkaure
  7301 | D:7      | Killed Menkaure
  7550 | D:7      | Identified the +1 scale mail of the Zebra {*Corrode rN+
                  | Stlth+}
  7588 | D:7      | Noticed Pikel
  7593 | D:7      | Killed Pikel
  7594 | D:7      | Reached skill level 5 in Conjurations
  7873 | D:7      | Found a staircase to the Ecumenical Temple.
  8009 | D:7      | Reached XP level 10. HP: 46/65 MP: 4/19
  8272 | D:7      | Noticed Prince Ribbit
  8276 | D:7      | Killed Prince Ribbit
  8277 | D:7      | Reached skill level 5 in Fighting
  8277 | D:7      | Reached skill level 1 in Shields
  8277 | D:7      | Reached skill level 6 in Conjurations
  9171 | D:8      | Learned a level 2 spell: Searing Ray
  9176 | D:8      | Learned a level 4 spell: Fulminant Prism
  9751 | D:8      | Found a broken altar of Ashenzari.
  9828 | D:8      | Found a sparkling altar of Nemelex Xobeh.
 10248 | Temple   | Entered the Ecumenical Temple
 10259 | Temple   | Became a worshipper of Sif Muna the Loreminder
 10294 | D:9      | Noticed a two-headed ogre
 10298 | D:9      | Killed a two-headed ogre
 10301 | D:9      | Noticed a kobold demonologist
 10309 | D:9      | Killed a kobold demonologist
 10310 | D:9      | Reached skill level 7 in Conjurations
 10431 | D:9      | Learned a level 5 spell: Freezing Cloud
 10629 | D:9      | Learned a level 3 spell: Mephitic Cloud
 10632 | D:9      | Learned a level 2 spell: Call Imp
 10709 | D:9      | Found a staircase to the Orcish Mines.
 10717 | D:9      | Reached * piety under Sif Muna
 10726 | D:9      | Reached skill level 1 in Invocations
 10726 | D:9      | Noticed a two-headed ogre
 10727 | D:9      | Reached XP level 11. HP: 47/72 MP: 2/21
 10740 | D:9      | Reached skill level 1 in Summonings
 10740 | D:9      | Reached skill level 1 in Air Magic
 10740 | D:9      | Reached skill level 1 in Poison Magic
 10806 | D:10     | Entered Level 10 of the Dungeon
 10919 | D:10     | Found a staircase to the Lair.
 10920 | D:10     | Noticed an oklob plant
 10945 | D:10     | Reached skill level 1 in Ice Magic
 11267 | D:10     | Noticed a two-headed ogre
 11292 | D:10     | Killed a two-headed ogre
 11670 | D:9      | Killed a two-headed ogre
 11874 | D:9      | Reached ** piety under Sif Muna
 12442 | D:10     | Noticed a necromancer
 12448 | D:10     | Killed a necromancer
 12666 | D:10     | Reached *** piety under Sif Muna
 13335 | D:10     | Killed an oklob plant
 13336 | D:10     | Reached skill level 8 in Conjurations
 13454 | Lair:1   | Entered Level 1 of the Lair of Beasts
 13872 | Lair:1   | Found a blossoming altar of Fedhas.
 13881 | Lair:1   | Reached XP level 12. HP: 80/80 MP: 13/23
 14838 | Lair:2   | Reached skill level 5 in Invocations
 15033 | Lair:2   | Reached **** piety under Sif Muna
 15294 | Lair:2   | Reached skill level 9 in Conjurations
 15866 | Lair:2   | Found a staircase to the Snake Pit.
 16100 | Lair:3   | Noticed a death yak
 16100 | Lair:3   | Noticed a death yak
 16101 | Lair:3   | Noticed a death yak
 16101 | Lair:3   | Noticed a death yak
 16101 | Lair:3   | Noticed a death yak
 16102 | Lair:3   | Noticed a death yak
 16301 | Lair:3   | Found a staircase to the Swamp.
 16595 | Lair:3   | Reached ***** piety under Sif Muna
 16778 | Lair:3   | Reached skill level 5 in Shields
 16883 | Lair:3   | Killed a death yak
 16883 | Lair:3   | Received a gift from Sif Muna
 16884 | Lair:3   | Killed a death yak
 16885 | Lair:3   | Reached XP level 13. HP: 86/86 MP: 10/25
 16902 | Lair:3   | Got Sif Muna's Annotations on Incineration and Invitation
                  | {god gift}
 16909 | Lair:3   | Learned a level 5 spell: Fireball
 17184 | Lair:3   | Reached skill level 1 in Hexes
 19040 | Lair:4   | Reached skill level 10 in Conjurations
 19042 | Lair:4   | Mangled by a cane toad

Illustrated notes

Levels and vault maps discovered:
D:1:      minmay_arrival_nine_rooms, layout_basic, minmay_stone_trees_medium
D:2:      layout_basic
D:3:      layout_basic, nicolae_qazlal_general_emergency
D:4:      layout_basic, makhleb_altar_promises_db
D:5:      layout_gridville
D:6:      layout_basic, uniq_grinder
D:7:      layout_layer_cave, minmay_temple_entry_from_below_a, uniq_pikel,
          uniq_menkaure, uniq_prince_ribbit1
D:8:      layout_loops_ring, mainiacjoe_overflow_alcove_4,
          lemuel_coloured_pillars_altar, minivault_25, grunt_ministairs_9,
          nicolae_eternal_life
D:9:      layout_basic, david_orc_2, special_room [special_room_orc]
D:10:     layout_loops_ring, dpeg_oklobed_lair, eino_house_with_fridge
Temple:   mainiacjoe_temple_coin_purse
Lair:1:   layout_chaotic_city, basic_altar, grunt_megastairs_2,
          serial_bayou_shore_b
Lair:2:   layout_concentric_octagons, dummy_snake_entry
Lair:3:   layout_cave_pods, swamp_mist_pool
Lair:4:   layout_cave_pods

Skill      XL: |  1  2  3  4  5  6  7  8  9 10 11 12 13 |
---------------+----------------------------------------+-----
Stealth        | 3 4 5 6 7 |  7.0
Ranged Weapons | 1 2 3 |  3.0
Fighting       | 1 2 4 5 6 7 |  7.7
Conjurations   | 2 3 4 5 7 8 9 10 | 10.0
Spellcasting   | 3 4 5 6 7 8 |  8.4
Dodging        | 3 4 5 6 7 8 |  8.2
Fire Magic     | 4 5 6 7 8 |  8.5
Shields        | 3 4 5 |  5.6
Invocations    | 1 4 6 7 |  7.3
Summonings     | 2 4 |  4.7
Air Magic      | 2 3 4 |  4.5
Poison Magic   | 2 3 |  3.0
Ice Magic      | 2 3 4 |  4.4
Hexes          | 2 |  2.0

Action                     |  1- 3 |  4- 6 |  7- 9 | 10-12 | 13-15 || total
---------------------------+-------+-------+-------+-------+-------++-------
  Melee: Unarmed           |     4 |       |       |       |       ||     4
         Constrict         |     2 |     2 |     5 |    15 |     1 ||    25
         Tentacles         |     1 |     3 |     6 |    18 |     1 ||    29
         Staff             |     1 |    13 |    13 |    57 |     8 ||    92
         Punch             |       |     1 |       |     2 |       ||     3
   Cast: Foxfire           |    42 |    81 |   108 |   254 |    62 ||   547
         Scorch            |    10 |    13 |    36 |    99 |    25 ||   183
         Inner Flame       |       |     2 |     5 |    15 |       ||    22
         Flame Wave        |       |       |     2 |    33 |    17 ||    52
         Fulminant Prism   |       |       |       |    12 |       ||    12
         Mephitic Cloud    |       |       |       |    13 |    12 ||    25
         Call Imp          |       |       |       |     2 |       ||     2
         Searing Ray       |       |       |       |     1 |       ||     1
         Fireball          |       |       |       |       |     4 ||     4
 Invoke: Channel Magic     |       |       |       |     2 |     3 ||     5
  Evoke: Wand              |       |     2 |     2 |     4 |       ||     8
    Use: Scroll            |       |    12 |    12 |     9 |     1 ||    34
         Potion            |       |     6 |     2 |     1 |       ||     9
   Stab: Sleeping          |       |       |       |     2 |       ||     2
         Confused          |       |       |       |       |     1 ||     1
 Armour: Skin              |     5 |    28 |    21 |    83 |    46 ||   183
  Dodge: Dodged            |     6 |    20 |    10 |   146 |    42 ||   224

Table legend: (Time is in decaauts)
 A = Elapsed time spent in this place.
 B = Non-inter-level travel time spent in this place.
 C = Inter-level travel time spent in this place.
 D = Time resting spent in this place.
 E = Time spent auto-exploring this place.
 F = Levels seen in this place.
 G = Mean time per level.
                   A        B        C        D        E       F      G
               +--------+--------+--------+--------+--------+-----+--------+
         Total |  19069 |  18745 |    324 |   1524 |  13324 |  15 | 1271.3 |
       Dungeon |  13454 |  13191 |    263 |    730 |   9740 |  10 | 1345.4 |
        Temple |     20 |     11 |      9 |      0 |      0 |   1 |   20.0 |
          Lair |   5594 |   5543 |     51 |    794 |   3584 |   4 | 1398.5 |
               +--------+--------+--------+--------+--------+-----+--------+

Top non-repeatable levels by time:
  Lair:3: 2121 daAuts
    D:10: 2013 daAuts
  Lair:2: 1677 daAuts
     D:7: 1528 daAuts
     D:8: 1480 daAuts
     D:4: 1431 daAuts
     D:6: 1369 daAuts
     D:3: 1337 daAuts
     D:1: 1216 daAuts
     D:9: 1179 daAuts
  Lair:1: 1100 daAuts
     D:5: 973 daAuts
     D:2: 924 daAuts
  Lair:4: 695 daAuts
  Temple: 20 daAuts
